[Event "Team 45 45 League T55"]
[Site "Internet Chess Club"]
[Date "2012.12.15"]
[Round "5"]
[White "tyler66"]
[Black "Bryant-L"]
[Result "1-0"]
[WhiteElo "1476"]
[BlackElo "1360"]
[Opening "Sicilian defense"]
[ECO "B30"]
[Time "11:00:34"]
[TimeControl "2700+45"]

1. e4 c5 2. Nf3 Nc6 3. Nc3 e6 4. g3 d5 5. exd5 exd5 6. Bg2 Nf6 7. O-O Bd6 8. d3
O-O 9. Bg5 h6 10. Bxf6 Qxf6 11. Rb1 Be6 12. Nd2 d4 13. Nce4 Qe7 14. Ra1 Bc7 15.
Nb3 b6 16. Nexc5 Bxb3 17. Nxb3 Qd7 18. Bxc6 Qxc6 19. Nxd4 Qd5 20. Nb3 f5 21. Nd2
f4 22. Ne4 fxg3 23. fxg3 Rxf1+ 24. Qxf1 Rf8 25. Qe2 Be5 26. c4 Qd4+ 27. Kg2 Qxb2
28. Qxb2 Bxb2 29. Rf1 Rxf1 30. Kxf1 Kf7 31. Kf2 Ke6 32. Ke3 Ke5 33. h3 Bd4+ 34.
Kf3 Bc5 35. Nxc5 bxc5 36. Ke3 g6 37. d4+ cxd4+ 38. Kd3 Kd6 39. Kxd4 g5 40. g4
Kc6 41. c5 Kc7 42. Kd5 Kd7 43. c6+ Kc7 44. Kc5 Kc8 45. Kd6 Kd8 46. a3 a6 47. Kc5
Kc7 48. a4 a5 49. Kb5 Kd6 50. Kb6 Kd5 51. c7 {Black resigns} 1-0

[Event "Team 45 45 League T55"]
[Site "Internet Chess Club"]
[Date "2012.12.15"]
[Round "5"]
[White "DeltaChess"]
[Black "IanT"]
[Result "1-0"]
[WhiteElo "1291"]
[BlackElo "1456"]
[Opening "Vienna game"]
[ECO "C28"]
[Time "20:05:48"]
[TimeControl "2700+45"]

1. e4 e5 2. Nc3 Nc6 3. Bc4 Nf6 4. d3 Bc5 5. Bg5 h6 6. Bh4 d6 7. Nd5 g5 8. Qf3
Nxd5 9. Bxd5 Qe7 10. Bg3 Nd4 11. Qd1 c6 12. Bc4 Bd7 13. c3 Ne6 14. Nf3 O-O-O 15.
O-O g4 16. Nh4 h5 17. Nf5 Qf8 18. b4 Bb6 19. d4 exd4 20. Bxd6 Qe8 21. Ne7+ Qxe7
22. Bxe7 Rde8 23. Bf6 Rhg8 24. Bxd4 Nxd4 25. Bxf7 {Black resigns} 1-0

[Event "Team 45 45 League T55"]
[Site "Internet Chess Club"]
[Date "2012.12.15"]
[Round "5"]
[White "arconia"]
[Black "iwin2"]
[Result "1/2-1/2"]
[WhiteElo "1335"]
[BlackElo "1555"]
[Opening "Sicilian defense"]
[ECO "B30"]
[Time "10:00:41"]
[TimeControl "2700+45"]

1. e4 c5 2. Nf3 Nc6 3. Be2 g6 4. Nc3 Bg7 5. O-O e6 6. d3 Nge7 7. h4 d5 8. h5 Nd4
9. h6 Bf6 10. Nxd4 cxd4 11. Na4 dxe4 12. c3 dxc3 13. Nxc3 exd3 14. Bxd3 O-O 15.
Qf3 Bxc3 16. bxc3 Nf5 17. Bxf5 exf5 18. Rb1 Rb8 19. Bb2 b6 20. c4 Qg5 21. Qc3 f6
22. Bc1 Qh5 23. c5 Be6 24. c6 g5 25. Bb2 Qxh6 26. Rfe1 Rbe8 27. Rbd1 Qg7 28. c7
Bc8 29. Rxe8 Rxe8 30. Rd8 Qf7 31. Rxe8+ Qxe8 32. Qxf6 Qd7 33. Qh8+ Kf7 34. Qxh7+
Ke6 35. Qg8+ Kd6 36. Ba3+ Kxc7 37. Qxg5 Kb7 38. Qf4 Qd3 39. Bd6 Qb1+ 40. Kh2
Qxa2 41. Qf3+ Ka6 42. Qd3+ b5 43. f4 Qc4 44. Qa3+ Kb7 45. Kh3 a6 46. g4 fxg4+
47. Kg3 Kc6 48. Be5 b4 49. Qa5 Qb5 50. Qc7+ Kd5 51. Qxc8 b3 52. Qxg4 b2 53. Qd1+
Ke6 54. Qd6+ Kf7 55. Qf6+ Ke8 56. Bxb2 Qd3+ 57. Kg4 Qe2+ 58. Kf5 Qh5+ 59. Ke6
Qe2+ 60. Kf5 Qh5+ 61. Ke6 Qe2+ 62. Be5 Qc4+ 63. Kf5 Qd3+ 64. Kg5 Qg3+ 65. Kh5
Qf3+ 66. Kg6 Qg4+ 67. Kh7 Qh5+ 68. Qh6 Qf7+ 69. Qg7 Qh5+ 70. Qh6 Qf7+ 71. Qg7
Qh5+ 72. Qh6 {Game drawn by repetition} 1/2-1/2

[Event "Team 45 45 League T55"]
[Site "Internet Chess Club"]
[Date "2012.12.13"]
[Round "5"]
[White "palm47"]
[Black "rookmaster23"]
[Result "0-1"]
[WhiteElo "1498"]
[BlackElo "1625"]
[Opening "Sicilian: closed"]
[ECO "B25"]
[Time "20:00:19"]
[TimeControl "2700+45"]

1. e4 c5 2. Nc3 Nc6 3. g3 g6 4. Bg2 Bg7 5. d3 d6 6. Nh3 Nf6 7. O-O O-O 8. Bg5
Bd7 9. Rb1 Qc8 10. Bxf6 Bxf6 11. Nf4 Rb8 12. Ncd5 Bg7 13. c3 e5 14. Ne2 Re8 15.
f4 exf4 16. Rxf4 Ne5 17. Nf6+ Bxf6 18. Rxf6 Re6 19. Rxe6 Bxe6 20. d4 Ng4 21. Bh3
Ne3 22. Bxe6 Qxe6 23. Qd3 Ng4 24. dxc5 dxc5 25. c4 Re8 26. h3 Nf6 27. Rd1 Nxe4
28. Nf4 Qe5 29. Re1 f5 30. Qd5+ Qxd5 31. Nxd5 Kf7 32. Nc7 Rd8 33. Nd5 Rd7 34.
Kg2 b5 35. b3 bxc4 36. bxc4 Nd2 37. Rc1 Nxc4 {White resigns} 0-1

[Event "Team 45 45 League T55"]
[Site "Internet Chess Club"]
[Date "2012.12.15"]
[Round "5"]
[White "Just-Jim"]
[Black "Berke"]
[Result "0-1"]
[WhiteElo "1435"]
[BlackElo "1572"]
[Opening "French defense"]
[ECO "C00"]
[Time "15:00:41"]
[TimeControl "2700+45"]

1. e4 e6 2. Nf3 d5 3. e5 c5 4. Bb5+ Bd7 5. Bxd7+ Nxd7 6. d3 Qc7 7. O-O Ne7 8.
Re1 Rc8 9. Na3 a6 10. d4 cxd4 11. Qxd4 Nc6 12. Qc3 Bb4 13. Qe3 Bxe1 14. Qxe1
Ndxe5 15. Nxe5 Qxe5 16. Qxe5 Nxe5 17. b3 Nd7 18. Bd2 b5 19. h3 Nf6 20. Rc1 Kd7
21. c4 dxc4 22. b4 Nd5 23. g3 f6 24. Nb1 Rhd8 25. f4 Ke7 26. g4 Nb6 27. g5 Na4
28. gxf6+ gxf6 29. Re1 Rd3 30. Kg2 Rg8+ 31. Kh2 Rgg3 32. f5 Rxh3+ 33. Kg2 e5 34.
Bf4 Rh5 {White resigns} 0-1

[Event "Team 45 45 League T55"]
[Site "Internet Chess Club"]
[Date "2012.12.14"]
[Round "5"]
[White "KidRattler"]
[Black "Toalla"]
[Result "1-0"]
[WhiteElo "1411"]
[BlackElo "1232"]
[Opening "English opening"]
[ECO "A10"]
[Time "08:05:18"]
[TimeControl "2700+45"]

1. c4 g6 2. Nc3 e6 3. g3 Bg7 4. d4 d5 5. e3 Nf6 6. Bg2 O-O 7. cxd5 exd5 8. Nf3
c6 9. O-O Bg4 10. Re1 Re8 11. Qb3 Bxf3 12. Bxf3 Qc7 13. a3 Nbd7 14. Bd2 b5 15.
Rac1 Qb6 16. Ne2 a5 17. Qc3 Rec8 18. Nf4 Qb7 19. e4 dxe4 20. Bxe4 Nxe4 21. Rxe4
c5 22. Qc2 Nf6 23. Re2 cxd4 24. Qb1 Ng4 25. Rxc8+ Qxc8 26. Nd5 Qd8 27. Ne7+ Kf8
28. Qe4 Ne5 29. f4 f5 30. Nxf5 d3 31. Rf2 Ng4 32. Rf3 Qb6+ 33. Ne3 Bd4 34. Qxa8+
Kg7 35. Qe4 Bxb2 36. Qe7+ Kh6 37. Qf8+ Kh5 38. h3 Nf6 39. g4+ Nxg4 40. hxg4+ Kh4
41. Qh6# {Black checkmated} 1-0

[Event "Team 45 45 League T55"]
[Site "Internet Chess Club"]
[Date "2012.12.14"]
[Round "5"]
[White "fuzzface"]
[Black "kingsrook"]
[Result "1-0"]
[WhiteElo "1363"]
[BlackElo "1320"]
[Opening "Sicilian defense"]
[ECO "B40"]
[Time "10:00:44"]
[TimeControl "2700+45"]

1. e4 c5 2. Nf3 e6 3. c4 Nc6 4. a3 Nge7 5. d4 d5 6. cxd5 exd5 7. e5 Nf5 8. Bb5
Be7 9. O-O O-O 10. Bxc6 bxc6 11. Nc3 Re8 12. Re1 Rb8 13. dxc5 Bxc5 14. b4 Be7
15. Bf4 Rb7 16. Nd4 Nxd4 17. Qxd4 Be6 18. Rab1 Qb6 19. Qxb6 axb6 20. Bg3 b5 21.
f4 Bf5 22. Rb3 Bc2 23. Rb2 Bf5 24. Bf2 Bd8 25. a4 Bd3 26. axb5 Bxb5 27. Nxb5
Rxb5 28. Rc1 Bb6 29. Rxc6 Bxf2+ 30. Kxf2 Reb8 31. Ke3 Kf8 32. Rd6 Ke7 33. Kd4
Rd8 34. Rxd8 Kxd8 35. f5 Ke7 36. g4 f6 37. e6 Kd6 38. h4 h6 39. g5 h5 40. Kc3
Rb7 41. gxf6 gxf6 42. Kd4 Rb5 43. Rb3 Rb7 44. b5 Rb6 45. Rb4 Rb7 46. b6 Kc6 47.
Rb3 Kd6 48. Rb5 Kc6 49. Rxd5 Rxb6 50. Kc4 Rb7 51. Ra5 Kd6 52. Ra6+ Ke7 53. Kc5
Rc7+ 54. Rc6 Ra7 55. Kb6 Ra8 56. Rc7+ Kd6 57. Rd7+ Ke5 58. e7 Re8 59. Kc6 Rc8+
60. Rc7 Re8 61. Kd7 Rg8 62. e8=Q+ Rxe8 63. Kxe8 Kxf5 64. Rc5+ Kg6 65. Ke7 Kg7
66. Rxh5 Kg6 67. Rc5 f5 68. Ke6 f4 69. Rf5 {Black resigns} 1-0

[Event "Team 45 45 League T55"]
[Site "Internet Chess Club"]
[Date "2012.12.14"]
[Round "5"]
[White "drsigmund1"]
[Black "nanning"]
[Result "0-1"]
[WhiteElo "1619"]
[BlackElo "1669"]
[Opening "Queen's pawn game"]
[ECO "A46"]
[Time "12:54:50"]
[TimeControl "2700+45"]

1. d4 Nf6 2. Nf3 e6 3. Bf4 c5 4. c3 cxd4 5. cxd4 b6 6. e3 Bb7 7. Bd3 Be7 8. Nbd2
d6 9. h3 O-O 10. O-O Re8 11. Qe2 a6 12. e4 Nc6 13. e5 Nd5 14. Qe4 g6 15. Nc4
Nxf4 16. Qxf4 dxe5 17. Ncxe5 Nxe5 18. Nxe5 Rf8 19. Rad1 Bd5 20. b3 b5 21. h4
Bxh4 22. Be4 Bg5 23. Qf3 Rc8 24. g3 Rc7 25. Qg2 Bxe4 26. Qxe4 Qe7 27. Kg2 Bf6
28. Ng4 Bg7 29. Qe3 f5 30. Ne5 Rfc8 31. Rh1 Bxe5 32. dxe5 Qc5 33. Qxc5 Rxc5 34.
Rd7 h5 35. Rhd1 R8c7 36. Rd8+ Kg7 37. R1d6 Rxe5 38. Ra8 Kf6 39. Rdd8 Rd5 40.
Rf8+ Rf7 41. Rfc8 Rd6 42. Rd8 Rxd8 43. Rxd8 Ra7 44. Rb8 e5 45. Rb6+ Kf7 46. Kh3
Kg7 47. Kh4 Kh6 48. f3 Re7 49. a4 e4 50. Rxa6 bxa4 51. Rxa4 e3 52. Ra1 g5+ 53.
Kh3 g4+ 54. Kg2 e2 55. Re1 Re3 56. fxg4 hxg4 57. Kf2 Rf3+ 58. Kxe2 Rxb3 59. Kf2
Rb2+ 60. Ke3 Kg5 61. Kd4 Rb3 62. Rg1 f4 63. gxf4+ Kxf4 64. Kc4 Rf3 65. Kd4 g3
66. Rh1 g2 67. Rg1 Kg3 68. Ke4 Rf1 {White resigns} 0-1

[Event "Team 45 45 League T55"]
[Site "Internet Chess Club"]
[Date "2012.12.13"]
[Round "5"]
[White "tryanything"]
[Black "nosir"]
[Result "1-0"]
[WhiteElo "1560"]
[BlackElo "1464"]
[Opening "Queen's pawn, Mason variation"]
[ECO "D00"]
[Time "17:58:41"]
[TimeControl "2700+45"]

1. d4 d5 2. Bf4 e6 3. e3 Nf6 4. Bd3 Bd6 5. Bg3 Nc6 6. Nf3 O-O 7. c3 Re8 8. Ne5
Bd7 9. Nd2 Ne7 10. f4 c5 11. O-O c4 12. Bc2 Bc6 13. Qf3 Nf5 14. Bf2 Nd7 15. Nxc6
bxc6 16. e4 dxe4 17. Bxe4 Qc7 18. g3 Nb6 19. Bxc6 Rac8 20. Bxe8 Rxe8 21. Ne4 Be7
22. Rab1 Nd5 23. b4 g6 24. a4 a5 25. b5 Qb7 26. g4 Nd6 27. g5 Nf5 28. Nf6+ Bxf6
29. gxf6 Qc7 30. Rfe1 Nxf6 31. b6 Qb8 32. b7 Nd6 33. Rb2 Nd5 34. Bg3 f5 35. Bh4
Qc7 36. Rxe6 Nb6 37. Rxe8+ Nxe8 38. Qe3 Kf7 39. Qe5 {Black resigns} 1-0

[Event "Team 45 45 League T55"]
[Site "Internet Chess Club"]
[Date "2012.12.13"]
[Round "5"]
[White "SeniorCitizen"]
[Black "JohLeb"]
[Result "0-1"]
[WhiteElo "1344"]
[BlackElo "1395"]
[Opening "Sicilian: Boleslavsky variation, 7.Nb3"]
[ECO "B59"]
[Time "15:53:47"]
[TimeControl "2700+45"]

1. e4 c5 2. Nf3 d6 3. d4 cxd4 4. Nxd4 Nc6 5. Nc3 Nf6 6. Be2 e5 7. Nb3 Be6 8. O-O
a6 9. Be3 b5 10. Qc1 Qc7 11. f4 Rd8 12. f5 Bc4 13. Bxc4 bxc4 14. Nd2 Nd4 15. Nf3
Nxf3+ 16. Rxf3 d5 17. exd5 Nxd5 18. Nxd5 Rxd5 19. Kh1 f6 20. b3 Bc5 21. Bxc5
Qxc5 22. Rc3 Rd4 23. Qf1 Rf4 24. Qg1 Qxg1+ 25. Kxg1 O-O 26. bxc4 Rc8 27. c5 Rxf5
28. c6 e4 29. c7 Rd5 30. Rb1 Rb5 31. Rxb5 axb5 32. Kf2 Kf7 33. Ke3 f5 34. Rc6 g6
35. Kf4 Ke7 36. Ke3 Kd7 37. Rc5 Rxc7 38. Rxb5 Rxc2 39. Rb7+ Ke6 40. Rxh7 Rxa2
41. Rb7 Rxg2 42. Rb6+ Kf7 43. Rb7+ Kf6 44. Rb6+ Kg5 45. Kd4 Rxh2 46. Rb3 Kf4 47.
Rb1 Rf2 48. Re1 Rf3 49. Rh1 g5 {White resigns} 0-1

[Event "Team 45 45 League T55"]
[Site "Internet Chess Club"]
[Date "2012.12.15"]
[Round "5"]
[White "theartist"]
[Black "lawth3"]
[Result "0-1"]
[WhiteElo "1105"]
[BlackElo "1309"]
[Opening "Bogo-Indian defense, Nimzovich variation"]
[ECO "E11"]
[Time "13:01:43"]
[TimeControl "2700+45"]

1. d4 Nf6 2. c4 e6 3. Nf3 Bb4+ 4. Bd2 Qe7 5. Nc3 Nc6 6. e3 Bxc3 7. Bxc3 Ne4 8.
Qc2 Nxc3 9. Qxc3 d6 10. Bd3 e5 11. dxe5 dxe5 12. Be4 Bd7 13. O-O f6 14. Rfd1
O-O-O 15. h3 Kb8 16. a3 g5 17. Bxc6 Bxc6 18. e4 h5 19. Nd2 h4 20. f3 Rhf8 21.
Qe3 f5 22. Re1 g4 23. hxg4 fxg4 24. fxg4 Rh8 25. Nf3 Rdg8 26. g5 h3 27. g4 Qh7
28. Nh2 Qh4 29. Kh1 Bd7 30. Rg1 Rf8 31. Qg3 Qxg5 32. Raf1 Rf4 33. Rxf4 exf4 34.
Qf3 Bc6 35. b4 Qe5 36. Re1 Re8 37. Qxh3 Bxe4+ 38. Kg1 Qd4+ 39. Qe3 fxe3 {White
resigns} 0-1

[Event "Team 45 45 League T55"]
[Site "Internet Chess Club"]
[Date "2012.12.12"]
[Round "5"]
[White "bmw2002"]
[Black "Kravier"]
[Result "0-1"]
[WhiteElo "1565"]
[BlackElo "1697"]
[Opening "English: symmetrical variation"]
[ECO "A37"]
[Time "22:25:02"]
[TimeControl "2700+45"]

1. c4 c5 2. g3 g6 3. Bg2 Bg7 4. Nc3 Nc6 5. Nf3 e6 6. e4 Nge7 7. O-O O-O 8. d3 a6
9. Rb1 Rb8 10. Bf4 d6 11. Qc1 e5 12. Bg5 b5 13. Nd5 f6 14. Bd2 bxc4 15. dxc4
Nxd5 16. cxd5 Nd4 17. Nxd4 cxd4 18. b4 Bd7 19. f4 Bb5 20. Rf3 Qb6 21. Bf1 Rbc8
22. Qb2 Rc2 23. Qb3 Rxd2 24. Rc1 exf4 25. gxf4 Re8 26. Qb1 f5 27. exf5 Re3 28.
fxg6 d3 29. gxh7+ Kxh7 30. Rf2 Rg3+ 31. Kh1 Qxf2 {White resigns} 0-1

[Event "Team 45 45 League T55"]
[Site "Internet Chess Club"]
[Date "2012.12.13"]
[Round "5"]
[White "pereelcoix"]
[Black "Mitochondria"]
[Result "1-0"]
[WhiteElo "1468"]
[BlackElo "1465"]
[Opening "Sicilian: Scheveningen, 6.Be2"]
[ECO "B83"]
[Time "14:07:06"]
[TimeControl "2700+45"]

1. e4 c5 2. Nc3 d6 3. Nf3 Nf6 4. d4 cxd4 5. Nxd4 e6 6. Be2 Be7 7. O-O O-O 8. Bg5
Re8 9. Ndb5 a6 10. Bxf6 axb5 11. Bxe7 Rxe7 12. Bxb5 Bd7 13. Qxd6 Nc6 14. Bxc6
Ra6 15. Nb5 Rxc6 16. Qb4 Rb6 17. Rfd1 Rxb5 18. Qxb5 Qc8 19. Qe2 Bc6 20. Rd4 e5
21. Rd6 Re8 22. Rad1 g6 23. a3 Qa8 24. h3 b5 25. c3 Bxe4 26. Qxb5 Bxg2 27. Ra6
Qf3 28. Qxe8+ Kg7 29. Qxe5+ Kh6 30. Qe3+ {Black resigns} 1-0

[Event "Team 45 45 League T55"]
[Site "Internet Chess Club"]
[Date "2012.12.12"]
[Round "5"]
[White "Zyme"]
[Black "otib2006"]
[Result "0-1"]
[WhiteElo "1324"]
[BlackElo "1367"]
[Opening "Queen's pawn game"]
[ECO "E20"]
[Time "18:08:42"]
[TimeControl "2700+45"]

1. d4 Nf6 2. c4 e6 3. Nc3 Be7 4. Nf3 O-O 5. e4 d5 6. Bd3 Bb4 7. Bd2 Bxc3 8. cxd5
Bxd2+ 9. Qxd2 exd5 10. e5 Ne4 11. Qc2 Bg4 12. Bxe4 dxe4 13. Qxe4 Bxf3 14. Qxf3
Nc6 15. O-O-O Qg5+ 16. Kb1 Rad8 17. Rhe1 Rxd4 18. Rxd4 Nxd4 19. Qxb7 Qd2 20. Qe4
Rd8 21. Qe3 Qxe3 22. Rxe3 Ne6 23. Kc2 Nf4 24. g3 Ne6 25. Kc3 Rd1 26. f4 g6 27.
Re2 Rc1+ 28. Kb4 Nd4 29. Rf2 Rc2 30. Rxc2 Nxc2+ 31. Kc5 Kf8 32. Kc6 Ke7 33. Kxc7
a5 34. a4 Nd4 35. Kb6 Nb3 36. Kb5 Ke6 37. Kc4 Nd2+ 38. Kc3 Ne4+ 39. Kd4 Nd2 40.
Kc3 Nf1 41. b4 axb4+ 42. Kxb4 Nxh2 43. Kb5 Kd7 44. Kb6 Kc8 45. Kc6 Nf1 46. Kd6
Nxg3 47. Ke7 h5 48. Kxf7 h4 49. e6 Nf5 50. Kxg6 Ne7+ 51. Kf7 h3 52. a5 h2 53. f5
Nxf5 54. e7 Nxe7 55. Kxe7 h1=Q 56. a6 Qe4+ 57. Kf6 Qc6+ 58. Ke5 Qxa6 59. Kd5 Kc7
60. Kc5 Qc6+ 61. Kb4 Kb6 62. Kb3 Kc5 63. Kb2 Kd4 64. Kb1 Kd3 65. Kb2 Qc3+ 66.
Kb1 Qh8 67. Kc1 Qh1+ 68. Kb2 Qh2+ 69. Kb3 Qc2+ 70. Kb4 Qc3+ 71. Kb5 Qc1 72. Kb4
Kd4 73. Kb5 Kd5 74. Kb4 Qc4+ 75. Ka5 Qb3 76. Ka6 Kc6 77. Ka7 Kc7 78. Ka6 Kc6 79.
Ka5 Kc5 80. Ka6 Qb5+ 81. Ka7 Kc6 82. Ka8 Kc7 83. Ka7 Qa5# {White checkmated} 0-1

[Event "Team 45 45 League T55"]
[Site "Internet Chess Club"]
[Date "2012.12.13"]
[Round "5"]
[White "kabubi"]
[Black "AlPearson"]
[Result "0-1"]
[WhiteElo "1112"]
[BlackElo "1304"]
[Opening "English, 1...Nf6 (Anglo-Indian defense)"]
[ECO "A15"]
[Time "10:03:01"]
[TimeControl "2700+45"]

1. c4 Nf6 2. g3 g6 3. Bg2 Bg7 4. Nc3 O-O 5. d4 d6 6. e4 Nc6 7. Nge2 e5 8. O-O
Bg4 9. h3 Bd7 10. Bg5 Qc8 11. Kh2 h5 12. Qd2 Nh7 13. Bh6 Bxh6 14. Qxh6 Nxd4 15.
Nxd4 exd4 16. Nd5 Qd8 17. h4 Nf6 18. Qf4 Ng4+ 19. Kg1 c6 20. f3 Ne5 21. Nf6+ Kg7
22. Nxd7 Qxd7 23. Rad1 Nxc4 24. Rxd4 Nb6 25. Rxd6 Qe7 26. Rfd1 Rad8 27. e5 Nd5
28. Qg5 Qxg5 29. hxg5 Rxd6 30. exd6 Rd8 31. Re1 Kf8 32. Bh3 Rxd6 33. Bc8 b6 34.
Bb7 Nc7 35. Rc1 c5 36. b4 Ne6 37. bxc5 Nxc5 38. Bc8 Ke7 39. Re1+ Kd8 40. Bh3 Rd2
41. a3 Na4 42. Kf1 Nc3 43. f4 Rd1 44. Rxd1+ Nxd1 45. Ke2 Nb2 46. Kf3 Ke7 47. Bc8
f6 48. gxf6+ Kxf6 49. Ke4 Nc4 50. Kd4 Nxa3 51. Kc3 Nb5+ 52. Kb4 Nd6 {White
resigns} 0-1

[Event "Team 45 45 League T55"]
[Site "Internet Chess Club"]
[Date "2012.12.15"]
[Round "5"]
[White "seattleblues"]
[Black "Goldenberg"]
[Result "0-1"]
[WhiteElo "1418"]
[BlackElo "1563"]
[Opening "Queen's bishop game"]
[ECO "D00"]
[Time "21:01:11"]
[TimeControl "2700+45"]

1. d4 d5 2. Bf4 Nf6 3. Nf3 e6 4. e3 c5 5. c3 Nc6 6. Bd3 Be7 7. Nbd2 O-O 8. Ne5
cxd4 9. exd4 Qb6 10. Qc2 a6 11. f3 Re8 12. g4 h6 13. h4 Nxd4 14. cxd4 Qxd4 15.
Bg3 Bd6 16. f4 Qe3+ 17. Kd1 Qxg3 18. g5 Ng4 19. Bh7+ Kf8 20. Ng6+ fxg6 21. Nf1
Qf3+ 22. Qe2 Nf2+ 23. Ke1 Bb4+ 24. Nd2 Nd3+ 25. Kd1 Nxb2+ 26. Ke1 Qxh1+ 27. Qf1
Qxh4+ 28. Ke2 e5 29. fxe5+ Bf5 30. Bxg6 Rxe5+ 31. Kf3 Qg4+ 32. Kf2 Bc5# {White
checkmated} 0-1

[Event "Team 45 45 League T55"]
[Site "Internet Chess Club"]
[Date "2012.12.16"]
[Round "5"]
[White "dabodhi"]
[Black "wildcat2023"]
[Result "1-0"]
[WhiteElo "1462"]
[BlackElo "1444"]
[Opening "Ruy Lopez: Graz variation"]
[ECO "C70"]
[Time "19:02:09"]
[TimeControl "2700+45"]

1. e4 e5 2. Nf3 Nc6 3. Bb5 a6 4. Ba4 b5 5. Bb3 Bc5 6. O-O Nf6 7. Re1 O-O 8. c3
d5 9. exd5 Nxd5 10. Nxe5 Nxe5 11. Rxe5 Bb7 12. d4 Bd6 13. Bxd5 Bxd5 14. Rxd5
Bxh2+ 15. Kxh2 Qxd5 16. Bf4 Qd8 17. Qg4 c6 18. Bh6 Qf6 19. Be3 Rad8 20. Nd2 Rfe8
21. Ne4 Qe6 22. Qxe6 Rxe6 23. Nc5 Rf6 24. Nxa6 h6 25. b4 Ra8 26. Nc5 Ra3 27. Ne4
Re6 28. Nc5 Re7 29. Rc1 Rxa2 30. c4 Rb2 31. cxb5 cxb5 32. d5 Rxb4 33. d6 Re8 34.
d7 Ra8 35. Rd1 Rd8 36. Nb7 Rxd7 37. Rxd7 Rh4+ 38. Kg3 g5 39. f3 Kg7 40. Rd6 f6
41. Rb6 Rb4 42. Nd6 Rb3 43. Bd4 h5 44. Ne8+ Kf7 45. Nxf6 h4+ 46. Kh3 Rd3 47. Bc5
Rc3 48. Ne4 Rb3 49. Nxg5+ Kg8 50. Rg6+ Kh8 51. Bd4# {Black checkmated} 1-0

[Event "Team 45 45 League T55"]
[Site "Internet Chess Club"]
[Date "2012.12.17"]
[Round "5"]
[White "MasterD"]
[Black "tcianciola"]
[Result "0-1"]
[WhiteElo "1145"]
[BlackElo "1151"]
[Opening "Sicilian"]
[ECO "B50"]
[Time "19:30:09"]
[TimeControl "2700+45"]

1. e4 c5 2. Nf3 d6 3. Nc3 Nf6 4. Bc4 Bg4 5. O-O e6 6. a3 Be7 7. d3 O-O 8. Be3
Nbd7 9. h3 Bh5 10. Qe2 Ne5 11. g4 Nfxg4 12. hxg4 Bxg4 13. Rab1 Bxf3 14. Qd2 Bxe4
15. Qe2 Bc6 16. f4 Nxc4 17. dxc4 Bh4 18. Bf2 Re8 19. Rbd1 Qf6 20. Bxh4 Qxh4 21.
Qh2 Qg4+ 22. Kf2 Qf3+ 23. Ke1 Qe3+ 24. Qe2 Qxe2+ 25. Nxe2 e5 26. Rxd6 exf4 27.
Rxf4 h6 28. Kd1 Re7 29. Rf2 Rae8 30. Nf4 Bd7 31. Nd5 Re1+ 32. Kd2 Bg4 33. Kc3
R1e2 34. Rxe2 Bxe2 35. Rd7 Rb8 36. b4 cxb4+ 37. axb4 Bg4 38. Rd6 b6 39. Kd4 h5
40. Ne3 Bf3 41. c5 bxc5+ 42. Kxc5 Rc8+ 43. Kd4 g6 44. Rf6 Be2 45. Rf2 Bb5 46. c4
Bd7 47. c5 Kg7 48. Kc4 f5 49. b5 Be6+ 50. Kb4 Rc7 51. c6 g5 52. Nxf5+ Bxf5 53.
Rxf5 Kg6 54. Rf2 h4 55. Kc5 Rc8 56. b6 axb6+ 57. Kxb6 g4 58. c7 Kg5 59. Rd2 h3
60. Rd8 Rxc7 61. Kxc7 h2 62. Rd1 g3 {White resigns} 0-1

[Event "Team 45 45 League T55"]
[Site "Internet Chess Club"]
[Date "2012.12.15"]
[Round "5"]
[White "Conjurer"]
[Black "mindstorm"]
[Result "1-0"]
[WhiteElo "1495"]
[BlackElo "1331"]
[Opening "English: Bremen system, Keres variation"]
[ECO "A23"]
[Time "22:06:19"]
[TimeControl "2700+45"]

1. c4 e5 2. Nc3 Nf6 3. g3 c6 4. Bg2 d5 5. Nf3 e4 6. Nd4 Bc5 7. e3 Bxd4 8. exd4
O-O 9. O-O Be6 10. c5 Qd7 11. d3 exd3 12. Qxd3 Bf5 13. Qd1 Na6 14. a3 Nc7 15.
Bf4 Ne6 16. Be5 Qe7 17. Bd6 Bg4 18. Qxg4 Nxg4 19. Bxe7 Rfe8 20. Bd6 Nxd4 21.
Rad1 Ne2+ 22. Nxe2 Rxe2 23. Bf3 Rxb2 24. Bxg4 Rb3 25. Ra1 h6 26. Rfe1 b6 27. Re3
Rxe3 28. fxe3 Re8 29. Kf2 bxc5 30. Bxc5 a5 31. Bd7 Re4 32. Bxc6 Rc4 33. Bxd5
Rxc5 34. e4 Rc2+ 35. Kg1 Kf8 36. Rf1 f6 37. h4 Rc3 38. Kg2 Rxa3 39. Rf3 Ra1 40.
Rf1 Rxf1 41. Kxf1 Ke7 42. Ke2 Kd6 43. Kd3 Kc5 44. Kc3 Kb5 45. Kb3 a4+ 46. Ka3
Ka5 47. Bc6 Kb6 48. Bxa4 Kc5 49. Kb3 Kd4 50. Bc6 Ke5 51. Kc3 f5 52. Kd3 fxe4+
53. Bxe4 Kf6 54. Kd4 g5 55. h5 g4 56. Bg6 Kg5 57. Ke4 Kf6 58. Kf4 Kg7 59. Kxg4
Kf6 60. Kf4 Kg7 61. Kf5 Kh8 62. Be8 Kg7 63. g4 Kh7 64. Kf6 Kg8 65. Kg6 Kh8 66.
Kxh6 Kg8 67. g5 Kh8 68. Bb5 Kg8 69. g6 Kf8 70. g7+ Kf7 71. Bc4+ Kf6 72. g8=Q Ke7
73. Qe6+ Kd8 74. Qf7 Kc8 {Black resigns} 1-0

[Event "Team 45 45 League T55"]
[Site "Internet Chess Club"]
[Date "2012.12.17"]
[Round "5"]
[White "Bizzy-Ketty"]
[Black "guyd52"]
[Result "1-0"]
[WhiteElo "1266"]
[BlackElo "1309"]
[Opening "Pirc: classical (two knights) system"]
[ECO "B08"]
[Time "20:00:19"]
[TimeControl "2700+45"]

1. e4 d6 2. d4 Nf6 3. Nc3 g6 4. Nf3 Bg7 5. Bc4 O-O 6. Bf4 Nbd7 7. O-O Qe8 8. Qe2
e5 9. dxe5 Nxe5 10. Bxe5 dxe5 11. Rad1 Qe7 12. Rfe1 c6 13. Qd2 b5 14. Bb3 Bb7
15. Qd6 Qxd6 16. Rxd6 Rfe8 17. Red1 Nh5 18. Rd7 {Black resigns} 1-0

[Event "Team 45 45 League T55"]
[Site "Internet Chess Club"]
[Date "2012.12.17"]
[Round "5"]
[White "kabubi"]
[Black "irock2011"]
[Result "1-0"]
[WhiteElo "1137"]
[BlackElo "1309"]
[Opening "Nimzo-Indian: 4.e3 e8g8, 5.Nf3 d7d5"]
[ECO "E51"]
[Time "20:12:13"]
[TimeControl "2700+45"]

1. d4 d5 2. c4 e6 3. Nc3 Nf6 4. e3 Bb4 5. Nf3 O-O 6. Bd3 c6 7. O-O Bd7 8. a3 Bd6
9. Ne5 Qe7 10. e4 b6 11. Re1 c5 12. Be3 Nc6 13. Nxc6 Bxc6 14. e5 Bc7 15. exf6
Qxf6 16. Qf3 Qh4 17. Qh3 Qxh3 18. gxh3 cxd4 19. Bxd4 Rad8 20. cxd5 Bxd5 21. Ne2
Bf3 22. Rac1 Bxe2 23. Bxe2 Bf4 24. Rcd1 Rd5 25. Bf3 Rg5+ 26. Kh1 Rf5 27. Rg1 Bh6
28. Be4 Rf4 29. f3 Rd8 30. Be5 Rxd1 31. Rxd1 f6 32. Bxf4 Bxf4 33. Rd8+ Kf7 34.
Rd7+ Ke8 35. Rxg7 f5 36. Bc6+ Kf8 37. Rxh7 a6 38. Rb7 Be3 39. h4 a5 40. a4 e5
41. Kg2 f4 42. h5 Kg8 43. Be4 Bd4 44. b3 Be3 45. h6 Bd4 46. h7+ Kh8 47. Rb8+ Kg7
48. h8=Q+ Kf7 49. Qh6 Be3 50. Bd5+ Ke7 51. Qe6# {Black checkmated} 1-0

[Event "Team 45 45 League T55"]
[Site "Internet Chess Club"]
[Date "2012.12.14"]
[Round "5"]
[White "ethan0627"]
[Black "wekabird"]
[Result "1-0"]
[WhiteElo "1327"]
[BlackElo "1217"]
[Opening "Caro-Kann defense"]
[ECO "B10"]
[Time "17:00:52"]
[TimeControl "2700+45"]

1. e4 c6 2. Nf3 d5 3. exd5 cxd5 4. d4 e6 5. Nc3 Nf6 6. Bf4 Be7 7. Qd2 O-O 8. Be2
b6 9. O-O-O Ba6 10. Bxa6 Nxa6 11. Ne5 Rc8 12. a3 Nb8 13. Rhe1 Nc6 14. Qe2 Nxe5
15. dxe5 Ne8 16. Qg4 Bxa3 17. Nb5 Be7 18. Bh6 Qd7 19. Nc3 Qb7 20. Nb5 Qa6 21.
Nd6 Bxd6 22. exd6 Qa1+ 23. Kd2 Rd8 24. Rxa1 Rxd6 25. Rxa7 e5 26. Rxe5 Rg6 27.
Qc8 gxh6 28. Rxe8 Rxe8 29. Qxe8+ Kg7 30. Qxf7+ {Black resigns} 1-0